[Event "Titled Tuesday Blitz April 18 Early 2023"]
[White "Tasev, Dejan"]
[Black "Khromkin, Andrey"]
[WhiteFideId "936618"]
[BlackFideId "4154126"]
[WhiteElo "2244"]
[BlackElo "2396"]
[Result "1-0"]
[Round "03"]
[TimeControl "180+2"]
[Date "2023.04.18"]
[WhiteClock "0:01:03"]
[BlackClock "0:00:21"]

1. e4 c5 2. Nf3 Nc6 3. Nc3 g6 4. d4 cxd4 5. Nxd4 Bg7 6. Be3 Nf6 7. Bc4 O-O 8. Bb3 a5 9. O-O a4 10. Nxa4 Nxe4 11. Nb5 d5 12. f3 d4 13. fxe4 dxe3 14. Qxd8 Nxd8 15. Nb6 Ra5 16. Nxc8 Rxb5 17. Nxe7+ Kh8 18. c3 Re5 19. Nd5 Rxe4 20. Rae1 Rfe8 21. Nf6 Bxf6 22. Rxf6 Kg7 23. Rd6 f5 24. Rd7+ R4e7 25. Rxe7+ Rxe7 26. Kf1 f4 27. Ke2 Rd7 28. Rd1 Rxd1 29. Bxd1 Kf6 30. Kd3 Ke5 31. Bf3 b6 32. b4 Ne6 33. a4 h5 34. a5 bxa5 35. bxa5 Kd6 36. Kc4 Nc7 37. h4 1-0


[Site "https://www.chess.com"]

[Event "Titled Tuesday Blitz April 18 Early 2023"]
[White "Andreev, Konstantin"]
[Black "Hirneise, Jens"]
[WhiteFideId "24239305"]
[BlackFideId "24614734"]
[WhiteElo "2106"]
[BlackElo "2345"]
[Result "0-1"]
[Round "03"]
[TimeControl "180+2"]
[Date "2023.04.18"]
[WhiteClock "0:02:03"]
[BlackClock "0:02:10"]

1. e4 c6 2. d4 d5 3. e5 c5 4. dxc5 Nc6 5. Nf3 Bg4 6. Bf4 e6 7. Be2 Bxf3 8. Bxf3 Bxc5 9. O-O Nge7 10. Bg3 Nf5 11. Nd2 Nxg3 12. hxg3 Nxe5 13. Re1 Nxf3+ 14. Qxf3 O-O 15. Rad1 Qf6 16. Qxf6 gxf6 17. c4 Rfd8 18. Nb3 Bb4 19. Nd2 dxc4 20. Re2 c3 21. bxc3 Bxc3 22. Kf1 Rd7 23. Ke1 Rad8 0-1


[Site "https://www.chess.com"]

[Event "Titled Tuesday Blitz April 18 Early 2023"]
[White "Yelisieiev, Yevhenii"]
[Black "Rangel, Daniel"]
[WhiteFideId "14139642"]
[BlackFideId "2124475"]
[WhiteElo "2425"]
[BlackElo "2256"]
[Result "0-1"]
[Round "03"]
[TimeControl "180+2"]
[Date "2023.04.18"]
[WhiteClock "0:00:02"]
[BlackClock "0:00:44"]

1. d4 Nf6 2. Nf3 g6 3. g3 Bg7 4. Bg2 O-O 5. O-O c5 6. dxc5 Na6 7. Be3 Qc7 8. Qd4 Ne8 9. Qc4 Bxb2 10. Nc3 Bxa1 11. Rxa1 Nf6 12. Bd4 d6 13. Bxf6 exf6 14. Ne4 Qd8 15. Nxd6 Be6 16. Qb5 Nc7 17. Qxb7 Bd5 18. Qb2 Ne6 19. Rd1 Bc6 20. Qa1 Qe7 21. Qc3 Rfd8 22. Ne1 Bxg2 23. Nxg2 Rac8 24. Nxc8 Rxd1+ 25. Ne1 Qxc5 26. Qxc5 Rxe1+ 27. Kg2 Nxc5 28. Nxa7 Rxe2 29. Nb5 Rxc2 30. a4 Nxa4 0-1


[Site "https://www.chess.com"]

[Event "Titled Tuesday Blitz April 18 Early 2023"]
[White "Koridze, Lile"]
[Black "Sreyas Payyappat"]
[WhiteFideId "13612514"]
[BlackFideId "46674969"]
[WhiteElo "2047"]
[BlackElo "2083"]
[Result "1-0"]
[Round "03"]
[TimeControl "180+2"]
[Date "2023.04.18"]
[WhiteClock "0:00:13"]
[BlackClock "0:00:12"]

1. d4 Nf6 2. c4 c5 3. d5 e6 4. Nc3 exd5 5. cxd5 d6 6. Nf3 g6 7. Nd2 Bg7 8. Nc4 O-O 9. Bg5 a6 10. a4 Re8 11. e3 Qe7 12. Bf4 Rd8 13. Be2 Bf5 14. O-O Ne8 15. Bf3 h5 16. e4 Bc8 17. h3 Nd7 18. Re1 Ne5 19. Qe2 Rb8 20. a5 Bd7 21. Rad1 b5 22. axb6 Bb5 23. Nxb5 axb5 24. Na5 Rxb6 25. Bxe5 Qxe5 26. Nc6 Rxc6 27. dxc6 Qxb2 28. Qxb2 Bxb2 29. e5 Bd4 30. exd6 Nxd6 31. Re7 Rc8 32. Rd7 Ne8 33. Rb7 b4 34. Bd5 Nd6 35. Rd7 Nb5 36. Bxf7+ Kf8 37. Bxg6 b3 38. Rb1 b2 39. Bxh5 Na3 40. Rd1 b1=Q 41. Rxb1 Nxb1 42. c7 Bf6 43. Rf7+ Kg8 44. Rxf6 Rxc7 45. Rb6 Nd2 46. Bg4 c4 47. h4 c3 48. Bf5 c2 49. Bxc2 Rxc2 50. h5 Kg7 51. Rg6+ Kh7 52. g4 Nf3+ 53. Kf1 Rc1+ 54. Ke2 Nd4+ 55. Kd3 Rd1+ 56. Ke4 Ne2 57. Ra6 Rf1 58. f3 Ng3+ 59. Kf4 Ne2+ 60. Ke3 Ng1 61. Rf6 Kg7 62. Rg6+ Kh7 63. Rf6 Kg7 64. Rf5 Ra1 65. Kf2 Nh3+ 66. Kg3 Ng1 67. Kf2 Nh3+ 68. Kg2 Ng1 69. Re5 Kf6 70. Rc5 Ne2 71. Kf2 Nf4 72. Rf5+ Ke6 73. Rxf4 Ra2+ 74. Kg3 Rb2 75. Rf5 Rb1 76. h6 Rb2 77. h7 Rb8 78. Rh5 Rh8 79. g5 Kf5 80. Kh4 Kg6 81. Rh6+ Kf5 82. g6 Kf6 83. f4 Kg7 84. Kg5 Ra8 85. h8=Q+ Rxh8 86. Rxh8 Kxh8 87. Kf6 Kg8 88. g7 Kh7 89. Kf7 Kh6 90. g8=Q Kh5 91. f5 Kh4 92. Ke6 Kh3 93. f6 Kh2 94. f7 Kh1 95. f8=Q Kh2 96. Qh6# 1-0


[Site "https://www.chess.com"]

[Event "Titled Tuesday Blitz April 18 Early 2023"]
[White "Ansh M Shah"]
[Black "MKlose11"]
[WhiteFideId "25033379"]
[WhiteElo "2084"]
[BlackElo "2577"]
[Result "0-1"]
[Round "03"]
[TimeControl "180+2"]
[Date "2023.04.18"]
[WhiteClock "0:00:01"]
[BlackClock "0:00:51"]

1. d4 Nf6 2. c4 c5 3. d5 b5 4. cxb5 a6 5. e3 g6 6. Nc3 Bg7 7. Nf3 O-O 8. a4 d6 9. e4 Nbd7 10. Bg5 Ne8 11. Be2 Nc7 12. O-O axb5 13. axb5 Rb8 14. Qd2 Ne5 15. Nxe5 Bxe5 16. Bf4 Bxf4 17. Qxf4 Bd7 18. Ra5 Nxd5 19. Nxd5 Qxa5 20. Nxe7+ Kg7 21. Qxd6 Bxb5 22. Qxc5 Qb6 23. Qc3+ Qf6 24. Bxb5 Rxb5 25. Nd5 Qxc3 26. bxc3 Rb2 27. Rc1 Rfb8 28. g3 Re2 29. c4 Rxe4 30. c5 Re5 31. Nb6 Ree8 32. Nd7 Rbc8 33. Nb6 Rc6 34. Na4 Ra8 35. Rc4 Ra5 36. Kg2 Rb5 0-1


[Site "https://www.chess.com"]

[Event "Titled Tuesday Blitz April 18 Early 2023"]
[White "Lenaerts, Lennert"]
[Black "Hoffmann, Asa"]
[WhiteFideId "211435"]
[BlackFideId "2001470"]
[WhiteElo "2334"]
[BlackElo "2117"]
[Result "1-0"]
[Round "03"]
[TimeControl "180+2"]
[Date "2023.04.18"]
[WhiteClock "0:00:45"]
[BlackClock "0:00:05"]

1. d4 Nf6 2. c4 c5 3. d5 e5 4. Nc3 d6 5. e4 Be7 6. Bd3 Nbd7 7. Nge2 Nf8 8. O-O Ng6 9. a3 O-O 10. b4 b6 11. Be3 Nh5 12. g3 Bh3 13. Re1 Bg5 14. Qd2 h6 15. Rab1 Nhf4 16. bxc5 bxc5 17. gxf4 Nh4 18. Qc2 Nf3+ 19. Kh1 Nxe1 20. Rxe1 exf4 21. Bxf4 Qf6 22. Qd2 Rab8 23. e5 Bxf4 24. Nxf4 dxe5 25. Nxh3 Qf3+ 26. Kg1 Qxh3 27. Re3 Qh5 28. Qe2 Qg5+ 29. Kh1 f5 30. Rxe5 Qc1+ 31. Nd1 Rb2 32. Qe1 Rd2 33. Be2 f4 34. Bh5 f3 35. Bxf3 Rxf3 36. Re8+ Rf8 37. Qe6+ Kh7 38. Qe4+ Kg8 39. Qe6+ Kh7 40. Rxf8 Rxd1+ 41. Kg2 Rg1+ 42. Kh3 Qf1+ 43. Kh4 g5+ 44. Kh5 Qd1+ 45. f3 1-0


[Site "https://www.chess.com"]

[Event "Titled Tuesday Blitz April 18 Early 2023"]
[White "kuanysh1981"]
[Black "AyMitecK"]
[WhiteElo "2368"]
[BlackElo "2574"]
[Result "1-0"]
[Round "03"]
[TimeControl "180+2"]
[Date "2023.04.18"]
[WhiteClock "0:00:10"]
[BlackClock "0:00:32"]

1. e4 e6 2. d4 d5 3. Bd3 dxe4 4. Bxe4 Nf6 5. Bf3 Nbd7 6. Ne2 Bd6 7. O-O O-O 8. c4 e5 9. Nbc3 exd4 10. Nxd4 Ne5 11. Be2 c6 12. h3 h6 13. b3 Bc5 14. Nf3 Qc7 15. Bb2 Ng6 16. Qc2 Nf4 17. Na4 Be7 18. Rfe1 Nxe2+ 19. Qxe2 Bd8 20. Be5 Qa5 21. Rad1 Bf5 22. Bc3 Qc7 23. Be5 Qa5 24. Bc3 Qa6 25. Qe5 Bh7 26. Nc5 Qb6 27. Nd7 Qc7 28. Qxc7 Bxc7 29. Nxf8 Rxf8 30. Bxf6 gxf6 31. Rd7 Ba5 32. Red1 b5 33. Rxa7 Bc3 34. cxb5 cxb5 35. Rc7 b4 36. Rdd7 Bf5 37. Rd6 Kg7 38. Nd4 Bb1 39. Ne6+ Kg8 40. Nxf8 Kxf8 41. a4 Be5 42. Rd8+ Kg7 43. Rc4 Ba2 44. Rxb4 Bb1 45. Rg4+ Kh7 46. b4 f5 47. Rc4 Bf6 48. Rdc8 Bd3 49. b5 f4 50. b6 Bxc4 51. Rxc4 Be5 52. b7 f6 53. Rc8 Kg6 54. b8=Q Bxb8 55. Rxb8 f3 56. a5 fxg2 57. a6 h5 58. a7 h4 59. a8=Q f5 60. Qxg2+ Kf6 61. Qf3 Ke5 62. Rb5+ Ke6 63. Qxf5+ Kd6 64. Qd5+ Ke7 65. Rb7+ Kf6 66. Rb6+ Ke7 67. Qb7+ Kd8 68. Ra6 Ke8 69. Ra8# 1-0


[Site "https://www.chess.com"]

[Event "Titled Tuesday Blitz April 18 Early 2023"]
[White "Buscar, Michael"]
[Black "Vlassov, Nikolai"]
[WhiteFideId "2603616"]
[BlackFideId "4103360"]
[WhiteElo "2010"]
[BlackElo "2324"]
[Result "0-1"]
[Round "03"]
[TimeControl "180+2"]
[Date "2023.04.18"]
[WhiteClock "0:00:32"]
[BlackClock "0:01:01"]

1. Nf3 c5 2. e3 b6 3. b3 Bb7 4. Be2 Nf6 5. Bb2 g6 6. O-O Bg7 7. d4 O-O 8. dxc5 bxc5 9. c4 d6 10. Nbd2 Nbd7 11. Qc1 a5 12. Qc3 a4 13. Rab1 Qb6 14. Ne1 axb3 15. axb3 Ra2 16. Bf3 Rb8 17. Bxb7 Qxb7 18. Nd3 Rba8 19. Nc1 R2a6 20. f3 Ne5 21. Ra1 Rxa1 22. Bxa1 Ne8 0-1


[Site "https://www.chess.com"]

[Event "Titled Tuesday Blitz April 18 Early 2023"]
[White "Szente Varga, Fruzsina"]
[Black "Ibadov, Dashgyn"]
[WhiteFideId "712264"]
[BlackFideId "24107514"]
[WhiteElo "1994"]
[BlackElo "2208"]
[Result "0-1"]
[Round "03"]
[TimeControl "180+2"]
[Date "2023.04.18"]
[WhiteClock "0:00:01"]
[BlackClock "0:00:04"]

1. e4 e6 2. d4 d5 3. Nd2 c5 4. exd5 Qxd5 5. Ngf3 cxd4 6. Bc4 Qd6 7. O-O Nf6 8. Nb3 Nc6 9. Bb5 Bd7 10. Bg5 Be7 11. Bh4 O-O 12. Bg3 Qd5 13. Bxc6 Bxc6 14. Nbxd4 Rfd8 15. Nxc6 Qxc6 16. Qe2 Rac8 17. c3 Qe4 18. Qxe4 Nxe4 19. Rad1 Nxg3 20. hxg3 f6 21. Nd4 Kf7 22. Rfe1 e5 23. Nf5 Bc5 24. Kf1 g6 25. Nh6+ Ke6 26. Ng4 h5 27. Ne3 Bxe3 28. Rxd8 Rxd8 29. Rxe3 f5 30. Ke2 g5 31. Rd3 Rc8 32. f3 g4 33. Ke3 Rg8 34. Kf2 Rc8 35. Ke3 Rc4 36. Kf2 gxf3 37. gxf3 h4 38. gxh4 Rxh4 39. Ke3 Rh2 40. Rd8 Rxb2 41. Re8+ Kd5 42. Re7 a5 43. Kd3 a4 44. a3 Rb3 45. Rd7+ Kc6 46. Re7 Kd6 47. Rf7 Rxa3 48. Rxf5 b5 49. Rf6+ Kc5 50. Re6 b4 51. Rxe5+ Kd6 52. Re4 Rxc3+ 53. Kd2 Rb3 54. Kc2 Kc5 55. Rf4 Rc3+ 56. Kb2 a3+ 57. Ka2 Re3 58. Rf5+ Kc4 59. Rf4+ Kb5 60. Rd4 Re2+ 61. Kb3 Rb2# 0-1


[Site "https://www.chess.com"]

[Event "Titled Tuesday Blitz April 18 Early 2023"]
[White "crosky"]
[Black "Dixit, Nikhil"]
[BlackFideId "5059534"]
[WhiteElo "2348"]
[BlackElo "2207"]
[Result "1-0"]
[Round "03"]
[TimeControl "180+2"]
[Date "2023.04.18"]
[WhiteClock "0:01:32"]
[BlackClock "0:00:41"]

1. c4 c5 2. g3 Nc6 3. Bg2 h5 4. Nf3 h4 5. Nxh4 d6 6. Nc3 e5 7. d3 Rxh4 8. gxh4 Qxh4 9. Nd5 Qd8 10. Bg5 f6 11. Bd2 Be6 12. e3 Nge7 13. Qh5+ Bf7 14. Qh3 Nxd5 15. Bxd5 Bxd5 16. cxd5 Ne7 17. Qe6 Qd7 18. Qxd7+ Kxd7 19. e4 Rc8 20. b3 b5 21. Rc1 Ke8 22. Ke2 b4 23. a3 a5 24. axb4 axb4 25. Ra1 Rc7 26. Ra8+ Kf7 27. Rha1 Nc8 28. f4 Be7 29. f5 Nb6 30. R8a7 Rxa7 31. Rxa7 Ke8 32. Rb7 Nd7 33. Kf3 Nf8 34. Kg4 Kf7 35. Be3 Nh7 36. Bxc5 dxc5 37. d6 1-0


[Site "https://www.chess.com"]

[Event "Titled Tuesday Blitz April 18 Early 2023"]
[White "Bogaudinov, Rushan"]
[Black "arpita_chess"]
[WhiteFideId "4129288"]
[WhiteElo "1967"]
[BlackElo "2565"]
[Result "0-1"]
[Round "03"]
[TimeControl "180+2"]
[Date "2023.04.18"]
[WhiteClock "0:00:18"]
[BlackClock "0:00:09"]

1. d4 Nf6 2. Nf3 g6 3. g3 Bg7 4. Bg2 d6 5. O-O O-O 6. b3 a5 7. a3 a4 8. b4 d5 9. c4 dxc4 10. Nc3 c6 11. Ne5 Nd5 12. Nxa4 Rxa4 13. Qxa4 Nc3 14. Qa7 Nxe2+ 15. Kh1 Nxd4 16. Qxb8 Nb3 17. Ra2 Be6 18. Qxb7 Bxe5 19. Qxc6 c3 20. Bh6 Nd4 21. Qe4 Bg7 22. Bxg7 Kxg7 23. Raa1 c2 24. Rac1 Bf5 25. Qe5+ f6 26. Qc5 Nb3 27. Qe3 Nxc1 28. Rxc1 Qd1+ 29. Qe1 Qd3 30. a4 Qa3 31. Qxe7+ Rf7 32. Qe1 Qxa4 33. Bd5 Rd7 34. Bf3 Qb3 35. Kg2 Bh3+ 36. Kxh3 Qxf3 37. Rxc2 Qf5+ 38. g4 Qxc2 39. Qe6 Qd3+ 40. Kg2 Qd5+ 41. Qxd5 Rxd5 0-1


[Site "https://www.chess.com"]

[Event "Titled Tuesday Blitz April 18 Early 2023"]
[White "Rodriguez Santiago, Jaime"]
[Black "Han, Yichen"]
[WhiteFideId "3100898"]
[BlackFideId "1054430"]
[WhiteElo "2025"]
[BlackElo "2342"]
[Result "0-1"]
[Round "03"]
[TimeControl "180+2"]
[Date "2023.04.18"]
[WhiteClock "0:00:41"]
[BlackClock "0:00:33"]

1. c4 e6 2. Nf3 d5 3. g3 a6 4. b3 b5 5. cxd5 exd5 6. Bb2 Nf6 7. Bg2 Be7 8. O-O O-O 9. d3 c5 10. Nbd2 Nc6 11. Rc1 Bb7 12. e4 Nb4 13. Qe2 dxe4 14. dxe4 Qd3 15. Qxd3 Nxd3 16. Bxf6 Bxf6 17. Rc2 Rac8 18. Rd1 Rfe8 19. Bf1 Nb4 20. Rcc1 Nxa2 21. Rc2 Nc3 22. Rdc1 Nxe4 23. Bg2 Nxd2 24. Rxd2 Bxf3 25. Bxf3 Bg5 0-1


[Site "https://www.chess.com"]

[Event "Titled Tuesday Blitz April 18 Early 2023"]
[White "Andersson, Bjorn 1971"]
[Black "Camacho Collados, Jose"]
[WhiteFideId "1702114"]
[BlackFideId "2265427"]
[WhiteElo "2176"]
[BlackElo "2198"]
[Result "1-0"]
[Round "03"]
[TimeControl "180+2"]
[Date "2023.04.18"]
[WhiteClock "0:00:17"]
[BlackClock "0:00:02"]

1. e4 b6 2. d4 Bb7 3. Nc3 e6 4. Bd3 Bb4 5. Ne2 d5 6. e5 c5 7. Bb5+ Nc6 8. a3 Bxc3+ 9. bxc3 a6 10. Bxc6+ Bxc6 11. dxc5 bxc5 12. Be3 Qa5 13. O-O Ne7 14. Ng3 Qxc3 15. Qg4 Qxe5 16. Bxc5 h5 17. Qb4 Rb8 18. Bd6 Rxb4 19. Bxe5 Rg4 20. h3 Rg6 21. Rab1 O-O 22. Nxh5 Bb5 23. Rfe1 Nc6 24. Bd6 Rd8 25. Bc5 e5 26. f4 e4 27. g4 f5 28. g5 Ne5 29. fxe5 Rxg5+ 30. Kh2 Rxh5 31. e6 f4 32. e7 Re8 33. a4 Bd7 34. Rb7 Rxh3+ 35. Kg2 Rg3+ 36. Kf2 Bh3 37. Ke2 Rc3 38. Bd4 Rxc2+ 39. Kd1 Rc4 40. Be5 Bg4+ 41. Kd2 Rxa4 42. Rg1 Ra2+ 43. Kc3 Bc8 44. Rxg7+ Kh8 45. Rb6 Rh2 46. Rg2+ Kh7 47. Rxh2+ Kg8 48. Rhh6 Kf7 49. Rbf6+ Kxe7 50. Rh7+ Kd8 51. Bc7# 1-0


[Site "https://www.chess.com"]

[Event "Titled Tuesday Blitz April 18 Early 2023"]
[White "Moksh Amit Doshi"]
[Black "Feinig, Mario"]
[WhiteFideId "25064967"]
[BlackFideId "1618113"]
[WhiteElo "2297"]
[BlackElo "2096"]
[Result "1-0"]
[Round "03"]
[TimeControl "180+2"]
[Date "2023.04.18"]
[WhiteClock "0:01:23"]
[BlackClock "0:00:06"]

1. c4 e6 2. g3 d5 3. Bg2 Nf6 4. Nf3 dxc4 5. Qa4+ Bd7 6. Qxc4 c5 7. Ne5 Qc8 8. Nc3 Nc6 9. Nxd7 Qxd7 10. O-O Be7 11. d3 Rc8 12. Qa4 h5 13. Bg5 b6 14. Rfd1 Nd4 15. Qxd7+ Kxd7 16. Be3 Nf5 17. Bg5 Rcg8 18. e3 h4 19. d4 cxd4 20. e4 hxg3 21. exf5 gxh2+ 22. Kh1 e5 23. Bxf6 gxf6 24. Ne4 Rg4 25. Rac1 Bc5 26. Nxf6+ 1-0


[Site "https://www.chess.com"]

[Event "Titled Tuesday Blitz April 18 Early 2023"]
[White "Gontcharov, Vladislav"]
[Black "Skaric, Djuro"]
[WhiteFideId "4123492"]
[BlackFideId "934569"]
[WhiteElo "2420"]
[BlackElo "2282"]
[Result "1-0"]
[Round "03"]
[TimeControl "180+2"]
[Date "2023.04.18"]
[WhiteClock "0:00:37"]
[BlackClock "0:00:28"]

1. d4 d6 2. c4 g6 3. Nc3 Bg7 4. Nf3 Nf6 5. Bg5 h6 6. Bh4 O-O 7. e3 Nc6 8. Be2 a6 9. Qc2 g5 10. Bg3 Nd7 11. Rd1 e6 12. h4 g4 13. Nd2 f5 14. f4 h5 15. a3 Ne7 16. b4 Ng6 17. Bf2 Qf6 18. g3 c6 19. Nb3 e5 20. dxe5 dxe5 21. Na4 Re8 22. O-O Kh7 23. c5 Rg8 24. Rd6 Qe7 25. Bd3 e4 26. Bc4 Rf8 27. Re6 Qd8 28. Rd1 Qc7 29. Red6 Nf6 30. Nb6 Rb8 31. Nd4 Ne8 32. Nxc8 Rxc8 33. Ne6 Qe7 34. Rd7 Qf6 35. Nxf8+ Nxf8 36. Rxb7 Ra8 37. a4 Kh6 38. a5 Qc3 39. Qxc3 Bxc3 40. Be1 Bf6 41. Kf2 Ng6 42. Ke2 Ne7 43. Rdd7 Ng8 44. Rb6 Ne7 45. Rxe7 Bxe7 46. Rxc6+ Kg7 47. Rxa6 Rb8 48. Rb6 Rd8 49. Rb7 Kf6 50. Bc3+ Kg6 51. Rxe7 1-0


[Site "https://www.chess.com"]

[Event "Titled Tuesday Blitz April 18 Early 2023"]
[White "benny_aizenberg"]
[Black "Garrido, Denis"]
[BlackFideId "601217"]
[WhiteElo "2554"]
[BlackElo "2334"]
[Result "1-0"]
[Round "03"]
[TimeControl "180+2"]
[Date "2023.04.18"]
[WhiteClock "0:01:31"]
[BlackClock "0:00:50"]

1. b3 g6 2. Bb2 Nf6 3. Bxf6 exf6 4. c4 Bg7 5. Nc3 f5 6. d4 d6 7. Nf3 Nd7 8. e3 Nf6 9. Bd3 O-O 10. O-O Re8 11. Rc1 Bd7 12. b4 a5 13. a3 axb4 14. axb4 Ra3 15. c5 Bc6 16. Be2 Ne4 17. Nxe4 Bxe4 18. Nd2 dxc5 19. bxc5 Qa8 20. Nxe4 fxe4 21. Bc4 c6 22. Rb1 Qc8 23. Qd2 h5 24. Qb4 Ra7 25. Qb6 Ra4 26. Bxf7+ Kxf7 27. Qb3+ Kf8 28. Qxa4 Qg4 29. Rxb7 h4 30. h3 Qg5 31. Qxc6 1-0


[Site "https://www.chess.com"]

[Event "Titled Tuesday Blitz April 18 Early 2023"]
[White "Balint, Vilmos"]
[Black "Skatchkov, Valery"]
[WhiteFideId "718050"]
[BlackFideId "24195812"]
[WhiteElo "2034"]
[BlackElo "2262"]
[Result "0-1"]
[Round "03"]
[TimeControl "180+2"]
[Date "2023.04.18"]
[WhiteClock "0:00:26"]
[BlackClock "0:02:46"]

1. e4 e5 2. f4 d5 3. Nf3 exf4 4. exd5 Nf6 5. Bc4 Nxd5 6. Bxd5 Qxd5 7. O-O Be6 8. d4 Bd6 9. c3 O-O 10. Nbd2 c5 11. c4 Qh5 12. d5 Bf5 13. Nb3 Nd7 14. Bd2 Rae8 15. Bc3 g5 16. Ne1 Qxd1 17. Rxd1 Re2 18. Rd2 Rfe8 19. Rxe2 Rxe2 20. Rf2 Re4 21. Nd2 Rxe1+ 0-1


[Site "https://www.chess.com"]

[Event "Titled Tuesday Blitz April 18 Early 2023"]
[White "koncheto"]
[Black "Zaichenko, Daria"]
[BlackFideId "4197453"]
[WhiteElo "2551"]
[BlackElo "2039"]
[Result "1/2-1/2"]
[Round "03"]
[TimeControl "180+2"]
[Date "2023.04.18"]
[WhiteClock "0:00:05"]
[BlackClock "0:00:09"]

1. e4 c5 2. Nf3 Nc6 3. d4 cxd4 4. Nxd4 Nf6 5. Nc3 d6 6. Bg5 e6 7. Qd2 a6 8. O-O-O Bd7 9. f4 Be7 10. Nf3 b5 11. a3 Rc8 12. e5 dxe5 13. fxe5 Ng8 14. Ne4 Bxg5 15. Nd6+ Ke7 16. Qxg5+ Kf8 17. Nxc8 Qxc8 18. Be2 Nge7 19. Rhf1 Nd5 20. Nd4 b4 21. Nxc6 Bxc6 22. axb4 Ba4 23. Rd2 h6 24. Qh5 Qc7 25. Bc4 Ne3 26. Rdf2 Nxf1 27. Bxe6 Be8 28. Rxf1 Qe7 29. Bb3 f6 30. Qf5 Bd7 31. Qf4 f5 32. e6 Bc6 33. Qxf5+ Ke8 34. Qh5+ Kd8 35. Rd1+ Kc8 36. Qa5 Qg5+ 37. Qxg5 hxg5 38. e7 Re8 39. Be6+ Kc7 40. Bd5 Rxe7 41. Bxc6 Kxc6 42. c3 Re2 43. Rd2 Re1+ 44. Kc2 g4 45. h3 gxh3 46. gxh3 Re3 47. Rg2 Rxh3 48. Rxg7 Kb5 49. Kb3 Rf3 50. Rg6 Re3 51. Rg5+ Kb6 52. Ka4 Re2 53. Rg6+ Ka7 54. Kb3 Re3 55. Kc4 Re4+ 56. Kd5 Re2 57. b3 Rb2 58. Kc4 Rf2 59. Rd6 Rf4+ 60. Rd4 Rf5 61. Rd5 Rf4+ 62. Kc5 Rf3 63. Rd7+ Kb8 64. Kb6 Kc8 65. Rd4 Rf6+ 66. Ka5 Kb7 67. c4 Rf2 68. Rd7+ Kc6 69. b5+ axb5 70. Rd3 bxc4 71. bxc4 Kc5 72. Rd5+ Kxc4 73. Rb5 Ra2+ 74. Kb6 Rd2 75. Kc6 Rd6+ 76. Kxd6 Kxb5 1/2-1/2


[Site "https://www.chess.com"]

[Event "Titled Tuesday Blitz April 18 Early 2023"]
[White "micke12a"]
[Black "Al-Tarboush, Ward"]
[BlackFideId "7601450"]
[WhiteElo "2327"]
[BlackElo "2265"]
[Result "0-1"]
[Round "03"]
[TimeControl "180+2"]
[Date "2023.04.18"]
[WhiteClock "0:00:22"]
[BlackClock "0:00:50"]

1. Nf3 Nf6 2. c4 c5 3. g3 Nc6 4. Bg2 e6 5. Nc3 d5 6. cxd5 exd5 7. d4 c4 8. O-O Bb4 9. Bd2 O-O 10. Qc2 Bxc3 11. bxc3 Ne4 12. Bf4 Bf5 13. Qb2 Qb6 14. Qa3 Rfe8 15. Nh4 Bd7 16. Nf3 h6 17. Rfe1 Qa5 18. Qxa5 Nxa5 19. Rec1 g5 20. Be3 Nc6 21. Rab1 Rab8 22. Kf1 b5 23. Nd2 f5 24. f3 Nxg3+ 25. hxg3 Rxe3 26. f4 Rxg3 27. Bxd5+ Kg7 28. Kf2 gxf4 29. Nf3 Kf6 30. Rh1 Rg6 31. Rh4 Ne7 32. Bxc4 Rc8 33. Bxb5 Be6 34. Rxf4 Nd5 35. Rh4 Nxc3 36. Rb2 Nd1+ 0-1


[Site "https://www.chess.com"]

[Event "Titled Tuesday Blitz April 18 Early 2023"]
[White "Bruedigam, Martin"]
[Black "Ronka, Erik"]
[WhiteFideId "24608033"]
[BlackFideId "505080"]
[WhiteElo "2331"]
[BlackElo "2264"]
[Result "0-1"]
[Round "03"]
[TimeControl "180+2"]
[Date "2023.04.18"]
[WhiteClock "0:00:31"]
[BlackClock "0:00:05"]

1. d4 d5 2. c4 c6 3. Nc3 Nf6 4. Nf3 e6 5. cxd5 exd5 6. Bg5 Be7 7. Qc2 g6 8. e3 Bf5 9. Qb3 Qb6 10. Be2 O-O 11. O-O Nbd7 12. h3 Rfe8 13. Rfc1 Ne4 14. Bxe7 Rxe7 15. Nxe4 Bxe4 16. Nd2 Bf5 17. Qc3 a5 18. b3 Ree8 19. a3 Nf6 20. Bf3 Ne4 21. Bxe4 Bxe4 22. b4 axb4 23. axb4 Bf5 24. Nf3 Qb5 25. Ra3 Qe2 26. Rca1 Rxa3 27. Qxa3 Be4 28. Ng5 Bf5 29. Qc3 h6 30. Nf3 Be4 31. Nd2 Bf5 32. Nb3 Qh5 33. Nc5 Bxh3 34. gxh3 Qxh3 35. Nd3 Re4 36. Nf4 Rxf4 37. Ra8+ Kh7 38. f3 Qxf3 0-1


[Site "https://www.chess.com"]

[Event "Titled Tuesday Blitz April 18 Early 2023"]
[White "chessjazda"]
[Black "Krsnik Cohar, Ivan Vihor"]
[BlackFideId "14520044"]
[WhiteElo "2320"]
[BlackElo "2414"]
[Result "1-0"]
[Round "03"]
[TimeControl "180+2"]
[Date "2023.04.18"]
[WhiteClock "0:01:15"]
[BlackClock "0:00:26"]

1. c4 Nf6 2. f4 d5 3. cxd5 Nxd5 4. d3 e6 5. Nc3 Bb4 6. Bd2 O-O 7. Nf3 Bxc3 8. bxc3 Qf6 9. Qc1 Nc6 10. c4 Nb6 11. Bc3 Qh6 12. g3 f6 13. Bg2 e5 14. fxe5 Qxc1+ 15. Rxc1 fxe5 16. Nxe5 Nxe5 17. Bxe5 c6 18. Rf1 Re8 19. Bf4 Bg4 20. Bf3 Bh3 21. Rf2 Nd7 22. Kd2 Rad8 23. Rb1 Nc5 24. Be3 b6 25. Bxc5 bxc5 26. Bxc6 Re7 27. Bd5+ Kh8 28. Rb7 Rxb7 29. Bxb7 Be6 30. Bd5 Bg4 31. Rf7 Re8 32. e4 a5 33. Ra7 h5 34. Ra8 Rf8 35. Rxf8+ 1-0


[Site "https://www.chess.com"]

[Event "Titled Tuesday Blitz April 18 Early 2023"]
[White "Senft, Sean"]
[Black "Pajeken, Jakob Leon"]
[WhiteFideId "2044960"]
[BlackFideId "12942839"]
[WhiteElo "1989"]
[BlackElo "2414"]
[Result "0-1"]
[Round "03"]
[TimeControl "180+2"]
[Date "2023.04.18"]
[WhiteClock "0:00:16"]
[BlackClock "0:00:31"]

1. d4 d5 2. c4 dxc4 3. e3 Nf6 4. Bxc4 e6 5. Nf3 c5 6. O-O Nc6 7. Qe2 a6 8. Rd1 b5 9. Bd3 c4 10. Bc2 Nb4 11. b3 Nxc2 12. Qxc2 cxb3 13. axb3 Bb7 14. Qd2 Bd6 15. Ba3 O-O 16. Bxd6 Qxd6 17. Nc3 Rac8 18. Rdc1 Bxf3 19. gxf3 e5 20. Ne4 Nxe4 21. fxe4 Qg6+ 22. Kf1 Qxe4 23. Rxc8 Rxc8 24. Rxa6 Qh1+ 25. Ke2 exd4 26. Qxd4 h6 27. Rd6 Rc2+ 28. Kd3 Qd1+ 29. Ke4 Qg4+ 30. Kd3 Qe2+ 31. Ke4 Qxf2 32. Rd8+ Kh7 33. Qd3 f5+ 34. Ke5 Rc5+ 35. Rd5 Qxh2+ 36. Kxf5 Rxd5+ 37. Qxd5 Qh5+ 38. Ke6 Qxd5+ 39. Kxd5 h5 40. e4 h4 41. e5 h3 42. e6 h2 43. e7 h1=Q+ 44. Kd6 Qa8 45. Kd7 g5 46. e8=Q Qxe8+ 47. Kxe8 g4 0-1


[Site "https://www.chess.com"]

[Event "Titled Tuesday Blitz April 18 Early 2023"]
[White "Osinenko, Anton"]
[Black "Mikhaylova, Irina"]
[WhiteFideId "4158970"]
[BlackFideId "4109040"]
[WhiteElo "2294"]
[BlackElo "1975"]
[Result "1/2-1/2"]
[Round "03"]
[TimeControl "180+2"]
[Date "2023.04.18"]
[WhiteClock "0:00:18"]
[BlackClock "0:00:29"]

1. e4 c5 2. Nf3 Nc6 3. c3 d5 4. exd5 Qxd5 5. Na3 Bg4 6. Be2 Nf6 7. d4 cxd4 8. Nb5 Rc8 9. Nbxd4 Nxd4 10. Qxd4 Qxd4 11. Nxd4 Bxe2 12. Nxe2 e5 13. f4 Bc5 14. fxe5 Ng4 15. b4 Be3 16. Bxe3 Nxe3 17. Kf2 Ng4+ 18. Kg3 Nxe5 19. Rad1 O-O 20. Rd5 f6 21. Rhd1 Rc4 22. Rd8 Rc8 23. Rxf8+ Kxf8 24. h3 Ke7 25. Kf4 Rc4+ 26. Ke3 b5 27. Rd5 a6 28. Kd2 Rc6 29. Nd4 Rc7 30. g4 g6 31. Kc2 Nc4 32. Kd3 Ne5+ 33. Kc2 Nc4 34. Kd3 Ne5+ 35. Kc2 1/2-1/2


[Site "https://www.chess.com"]